Monarchs vs Senators
(R1)
Created - 6 novembre 2015 at 19:09
Goals
|
| Monarchs |
1 |
1 |
2 |
4 |
| Senators |
1 |
1 |
3 |
5 |
|
Shots
|
| Monarchs |
7 |
10 |
12 |
29 |
| Senators |
13 |
6 |
7 |
26 |
|
1st period
1. Senators , Steven Goertzen 5 (Cody Hodgson, Dylan Hunter) at 12:33
2. Monarchs , Justin Williams 13 (Jon Merrill, Richard Bachman) at 19:24
Penalties :
Nate Schmidt (MAN) for Hooking (Minor) at 2:25, Chris Dingman (MAN) for Hooking (Minor) at 10:20, Mikael Backlund (MAN) for Hooking (Minor) at 14:35
2nd period
3. Monarchs , Alec Martinez 1 (Justin Williams, Randy Robitaille) at 8:42 (PP)
4. Senators , Cody Hodgson 5 (Steven Goertzen, Dylan Hunter) at 16:10
Penalties :
Milan Jurcina (BIN) for Hooking (Minor) at 0:23, Steven Goertzen (BIN) for Tripping (Minor) at 8:26, Craig Cunningham (MAN) for Holding (Minor) at 10:41, Mikael Backlund (MAN) for Tripping (Minor) at 17:06
3rd period
5. Monarchs , Randy Robitaille 11 (Mats Zuccarello) at 3:17 (SH)
6. Senators , Nick Bjugstad 4 (Jaden Schwartz, Cody Hodgson) at 7:52
7. Senators , Jack Skille 2 (Patrick Wey, Gabriel Bourque) at 11:05
8. Monarchs , Mason Raymond 5 (John Mitchell, Alec Martinez) at 14:42
9. Senators , Sergei Kostitsyn 7 (Vernon Fiddler, Erik Karlsson) at 15:28 (SH)
Penalties :
Stanislav Chistov (BIN) for Hooking (Minor) at 0:43, Vernon Fiddler (BIN) for Holding (Minor) at 1:02, Mikael Backlund (MAN) for Hooking (Minor) at 1:42, Gabriel Bourque (BIN) for High sticking (Minor) at 4:48, Chris Dingman (MAN) for Hooking (Minor) at 8:38, Alec Martinez (MAN) for Roughing (Minor) at 12:18, Milan Jurcina (BIN) for Tripping (Minor) at 14:53, Jonas Gustavsson (BIN) for Slashing (Minor) at 18:51 - Shane Sims served the penalty
Goalie Stats
Richard Bachman (MAN), 21 saves from 26 shots - (0,808), L, 2-4-0, 58:45 minutes
Jonas Gustavsson (BIN), 25 saves from 29 shots - (0,862), W, 6-7-1, 60:00 minutes
Players Stats for Monarchs
Player Name G A P +/- PIM S H SB GA TA FO MP PP MP PK MP
------------------------------------------------------------------------------------
Alec Martinez 1 1 2 0 2 1 0 2 1 3 0/0 19:24 2:15 5:06
Andrej Meszaros 0 0 0 -1 0 1 2 2 0 1 0/0 23:55 5:52 1:54
Cam Fowler 0 0 0 -1 0 0 0 0 1 0 0/0 18:22 6:05 0:00
Chris Dingman 0 0 0 -2 4 2 4 1 1 0 0/0 23:11 5:10 5:25
Craig Cunningham 0 0 0 -1 2 0 0 0 0 0 0/0 5:23 0:00 0:00
Jay Beagle 0 0 0 -2 0 2 0 0 1 0 0/0 10:07 0:01 3:47
John Mitchell 0 1 1 1 0 0 0 0 0 0 3/6 11:01 0:01 1:08
John Zeiler 0 0 0 1 0 1 2 1 0 0 0/0 9:56 0:01 0:03
Jon Merrill 0 1 1 0 0 0 2 4 0 1 0/0 25:13 2:28 8:33
Justin Williams 1 1 2 -2 0 5 3 0 0 0 8/15 25:47 5:10 8:00
Kyle Clifford 0 0 0 -1 0 0 2 0 0 0 0/0 14:35 3:09 2:35
Mason Raymond 1 0 1 1 0 5 2 1 0 0 0/1 9:21 0:00 0:00
Mats Zuccarello 0 1 1 0 0 4 0 0 0 1 2/3 16:17 3:09 4:04
Matt Tennyson 0 0 0 0 0 0 0 0 0 0 0/0 5:14 0:00 0:00
Mikael Backlund 0 0 0 -1 6 5 2 0 0 0 3/9 11:57 3:08 0:00
Nate Schmidt 0 0 0 -2 2 0 0 1 0 0 0/0 9:30 0:00 4:47
Randy Robitaille 1 1 2 0 0 3 0 0 0 1 15/31 21:07 5:10 4:04
Roman Josi 0 0 0 0 0 0 0 0 0 0 0/0 14:06 0:00 7:24
Theo Peckham 0 0 0 0 0 0 0 0 0 0 0/0 4:23 0:00 1:22
Zac Rinaldo 0 0 0 -1 0 0 1 0 0 0 2/3 5:11 0:00 0:00
Players Stats for Senators
Player Name G A P +/- PIM S H SB GA TA FO MP PP MP PK MP
------------------------------------------------------------------------------------
Cody Hodgson 1 2 3 2 0 2 4 2 1 1 8/17 18:53 6:29 2:03
Dylan Hunter 0 2 2 2 0 2 3 0 1 0 0/0 17:01 6:29 0:24
Erik Karlsson 0 1 1 2 0 0 3 2 1 1 0/0 30:44 8:41 6:52
Gabriel Bourque 0 1 1 -1 2 1 1 0 0 0 0/0 9:27 0:00 0:32
Jack Skille 1 0 1 -2 0 3 0 0 0 0 0/0 10:33 0:49 0:00
Jaden Schwartz 0 1 1 1 0 0 0 0 0 0 0/0 5:13 0:00 0:00
Logan Stephenson 0 0 0 0 0 0 1 0 0 1 0/0 20:05 5:52 2:53
Mark Olver 0 0 0 -1 0 0 1 2 0 0 5/7 9:59 0:33 0:00
Martin Marincin 0 0 0 1 0 0 0 1 0 0 0/0 12:03 0:00 2:27
Matt Frattin 0 0 0 1 0 1 2 0 0 0 1/3 8:20 0:33 1:49
Milan Jurcina 0 0 0 1 4 1 2 1 0 0 0/0 28:10 8:41 4:00
Nick Bjugstad 1 0 1 1 0 1 0 0 0 0 0/1 6:00 0:00 0:47
Patrick Wey 0 1 1 0 0 0 0 0 0 0 0/0 9:43 0:00 0:07
Sergei Kostitsyn 1 0 1 0 0 3 2 1 1 0 0/1 23:11 7:31 4:41
Shane Sims 0 0 0 0 0 1 0 1 1 0 0/0 19:33 5:52 2:21
Stanislav Chistov 0 0 0 0 2 2 0 0 1 1 0/1 20:12 7:15 2:03
Steven Goertzen 1 1 2 2 2 7 2 0 1 0 0/0 16:36 6:29 0:00
Vernon Fiddler 0 1 1 0 2 2 1 1 0 0 21/38 22:52 7:31 4:40
3 Stars
1 - Cody Hodgson (BIN)
2 - Dylan Hunter (BIN)
3 - Steven Goertzen (BIN)
Power Play
Monarchs - 1 on 7 Attempt(s) - 14,29%
Senators - 0 on 8 Attempt(s) - 0,00%
Penalty Kill
Monarchs - 8 on 8 Attempt(s) - 100,00%
- Score 1 goal in Penalty Kill
Senators - 6 on 7 Attempt(s) - 85,71%
- Score 1 goal in Penalty Kill
Team Stat
Monarchs - Hits : 20 - Faceoff Wins : 33 - Blocked Shots : 12 - Penalty Minutes : 16
Senators - Hits : 22 - Faceoff Wins : 35 - Blocked Shots : 11 - Penalty Minutes : 12
Official
Referees : McCreary Bill and VanMassenhoven Don
Linesman : Michel Cormier and Scott Cherrey
Game Notes
Theo Peckham is injured at 10:47 of 1st period (Sprained Left Ankle)
8:42 of 2nd period - Monarchs goal is going for a video replay. After video review, Goal.
Finance
Level 1 -- Attendance: 1522 (76,10%) -- Ticket Income 45 660 $
Level 2 -- Attendance: 778 (77,80%) -- Ticket Income 7 780 $
Total Attendance: 2300 (76,67%)
Total Ticket Income: 53 440 $
Other Income: 2 672 $
Total Income: 56 112 $
Monarchs
5 vs 5 Forward
Center Left Wing Right Wing Time % Phy DF OF
1 Randy Robitaille Chris Dingman Justin Williams 40 1 2 2
2 Mikael Backlund Kyle Clifford Mats Zuccarello 30 1 2 2
3 John Mitchell Mason Raymond John Zeiler 20 1 2 2
4 Zac Rinaldo Craig Cunningham Jay Beagle 10 1 2 2
5 vs 5 Defense
Defense Defense Time % Phy DF OF
1 Andrej Meszaros Theo Peckham 40 1 2 2
2 Alec Martinez Cam Fowler 30 1 2 2
3 Jon Merrill Matt Tennyson 20 1 2 2
4 Nate Schmidt Roman Josi 10 1 2 2
PowerPlay Forward
Center Left Wing Right Wing Time % Phy DF OF
1 Randy Robitaille Chris Dingman Justin Williams 60 1 2 2
2 Mikael Backlund Kyle Clifford Mats Zuccarello 40 1 2 2
PowerPlay Defense
Defense Defense Time % Phy DF OF
1 Andrej Meszaros Cam Fowler 60 1 2 2
2 Alec Martinez Jon Merrill 40 1 2 2
Penalty Kill 4 Players Forward
Center Wing Time % Phy DF OF
1 Justin Williams Chris Dingman 60 1 2 2
2 Mats Zuccarello Randy Robitaille 40 1 2 2
Penalty Kill 4 Players Defense
Defense Defense Time % Phy DF OF
1 Jon Merrill Theo Peckham 60 1 2 2
2 Alec Martinez Nate Schmidt 40 1 2 2
Penalty Kill - 3 Players Forward
Forward Time % Phy DF OF
1 Justin Williams 60 1 2 2
2 Chris Dingman 40 1 2 2
Penalty Kill - 3 Players Defense
Defense Defense Time % Phy DF OF
1 Andrej Meszaros Theo Peckham 60 1 2 2
2 Alec Martinez Matt Tennyson 40 1 2 2
4 vs 4 Forward
Center Wing Time % Phy DF OF
1 Justin Williams Chris Dingman 60 1 2 2
2 Mats Zuccarello Randy Robitaille 40 1 2 2
4 vs 4 Defense
Defense Defense Time % Phy DF OF
1 Andrej Meszaros Theo Peckham 60 1 2 2
2 Alec Martinez Matt Tennyson 40 1 2 2
Last Minutes Offensive
Center Left Wing Right Wing Defense Defense
Randy Robitaille Chris Dingman Justin Williams Andrej Meszaros Theo Peckham
Last Minutes Defensive
Center Left Wing Right Wing Defense Defense
Randy Robitaille Chris Dingman Justin Williams Andrej Meszaros Theo Peckham
Goaltenders
Starting : Richard Bachman
Backup : Sami Aittokallio
Extra Forwards
Normal : John Mitchell, John Zeiler, Jay Beagle - PP : John Mitchell, John Zeiler - PK : Jay Beagle
Extra Defensemen
Normal : Jon Merrill, Roman Josi, Nate Schmidt - PP : Jon Merrill - PK : Roman Josi, Nate Schmidt
Penalty Shots
Justin Williams, Chris Dingman, Mats Zuccarello, Mikael Backlund, Randy Robitaille
Senators
5 vs 5 Forward
Center Left Wing Right Wing Time % Phy DF OF
1 Vernon Fiddler Sergei Kostitsyn Stanislav Chistov 40 0 2 3
2 Cody Hodgson Dylan Hunter Steven Goertzen 30 0 2 3
3 Mark Olver Gabriel Bourque Jack Skille 20 1 2 2
4 Nick Bjugstad Jaden Schwartz Matt Frattin 10 1 2 2
5 vs 5 Defense
Defense Defense Time % Phy DF OF
1 Milan Jurcina Erik Karlsson 40 1 2 2
2 Logan Stephenson Shane Sims 30 1 2 2
3 Patrick Wey Martin Marincin 20 1 2 2
4 Milan Jurcina Erik Karlsson 10 1 2 2
PowerPlay Forward
Center Left Wing Right Wing Time % Phy DF OF
1 Vernon Fiddler Sergei Kostitsyn Stanislav Chistov 60 0 2 3
2 Cody Hodgson Dylan Hunter Steven Goertzen 40 0 2 3
PowerPlay Defense
Defense Defense Time % Phy DF OF
1 Milan Jurcina Erik Karlsson 60 1 2 2
2 Logan Stephenson Shane Sims 40 1 2 2
Penalty Kill 4 Players Forward
Center Wing Time % Phy DF OF
1 Vernon Fiddler Sergei Kostitsyn 60 1 2 2
2 Cody Hodgson Stanislav Chistov 40 1 2 2
Penalty Kill 4 Players Defense
Defense Defense Time % Phy DF OF
1 Milan Jurcina Erik Karlsson 60 1 2 2
2 Logan Stephenson Shane Sims 40 1 2 2
Penalty Kill - 3 Players Forward
Forward Time % Phy DF OF
1 Vernon Fiddler 60 1 2 2
2 Sergei Kostitsyn 40 1 2 2
Penalty Kill - 3 Players Defense
Defense Defense Time % Phy DF OF
1 Milan Jurcina Erik Karlsson 60 1 2 2
2 Logan Stephenson Shane Sims 40 1 2 2
4 vs 4 Forward
Center Wing Time % Phy DF OF
1 Vernon Fiddler Sergei Kostitsyn 60 1 2 2
2 Cody Hodgson Stanislav Chistov 40 1 2 2
4 vs 4 Defense
Defense Defense Time % Phy DF OF
1 Milan Jurcina Erik Karlsson 60 1 2 2
2 Logan Stephenson Shane Sims 40 1 2 2
Last Minutes Offensive
Center Left Wing Right Wing Defense Defense
Vernon Fiddler Sergei Kostitsyn Stanislav Chistov Milan Jurcina Erik Karlsson
Last Minutes Defensive
Center Left Wing Right Wing Defense Defense
Vernon Fiddler Sergei Kostitsyn Stanislav Chistov Milan Jurcina Erik Karlsson
Goaltenders
Starting : Jonas Gustavsson
Backup : Alexander Salak
Extra Forwards
Normal : Jack Skille, Mark Olver, Matt Frattin - PP : Jack Skille, Mark Olver - PK : Matt Frattin
Extra Defensemen
Normal : Patrick Wey, Martin Marincin, Logan Stephenson - PP : Patrick Wey - PK : Martin Marincin, Logan Stephenson
Penalty Shots
Vernon Fiddler, Sergei Kostitsyn, Stanislav Chistov, Cody Hodgson, Steven Goertzen
% Time on Ice - Monarchs
Lines # - Real PCT - Wanted PCT - Time Play
Normal Forward
1 - 35% - 40% - 12:25
2 - 25% - 30% - 8:51
3 - 26% - 20% - 9:21
4 - 14% - 10% - 5:11
Normal Defense
1 - 44% - 40% - 15:36
2 - 33% - 30% - 11:42
3 - 14% - 20% - 4:52
4 - 10% - 10% - 3:38
PP Forward
1 - 62% - 60% - 5:11
2 - 38% - 40% - 3:09
PP Defense
1 - 73% - 60% - 6:05
2 - 27% - 40% - 2:15
PK Forward
1 - 72% - 60% - 10:29
2 - 28% - 40% - 4:04
PK Defense
1 - 61% - 60% - 8:49
2 - 39% - 40% - 5:44
PK3 Forward
1 - 0% - 60%
2 - 0% - 40%
PK3 Defense
1 - 0% - 60%
2 - 0% - 40%
44 Forward
1 - 84% - 60% - 1:06
2 - 16% - 40% - 0:13
44 Defense
1 - 72% - 60% - 0:57
2 - 28% - 40% - 0:22
Last Minute Offensive - 0:00
Last Minute Defensive - 0:00
Total
Forward - 60:00
Defense - 60:00
|
% Time on Ice - Senators
Lines # - Real PCT - Wanted PCT - Time Play
Normal Forward
1 - 32% - 40% - 11:25
2 - 29% - 30% - 10:21
3 - 25% - 20% - 8:49
4 - 15% - 10% - 5:13
Normal Defense
1 - 42% - 40% - 14:55
2 - 31% - 30% - 11:01
3 - 26% - 20% - 9:23
4 - 1% - 10% - 0:29
PP Forward
1 - 55% - 60% - 8:04
2 - 45% - 40% - 6:29
PP Defense
1 - 60% - 60% - 8:41
2 - 40% - 40% - 5:52
PK Forward
1 - 73% - 60% - 5:37
2 - 27% - 40% - 2:03
PK Defense
1 - 75% - 60% - 5:46
2 - 25% - 40% - 1:54
PK3 Forward
1 - 100% - 60% - 1:40
2 - 0% - 40% - 0:00
PK3 Defense
1 - 73% - 60% - 1:13
2 - 27% - 40% - 0:27
44 Forward
1 - 100% - 60% - 0:19
2 - 0% - 40% - 0:00
44 Defense
1 - 0% - 60% - 0:00
2 - 100% - 40% - 0:19
Last Minute Offensive - 0:00
Last Minute Defensive - 0:00
Total
Forward - 60:00
Defense - 60:00
|
Play by Play
1st period
0:01 of 1st period - Vernon Fiddler wins face-off versus Randy Robitaille in neutral zone.
0:25 of 1st period - Stanislav Chistov is hit by Mason Raymond and loses puck.
0:36 of 1st period - Wrist shot by Sergei Kostitsyn.
0:36 of 1st period - Shot Blocked by John Zeiler.
0:38 of 1st period - Slapshot by Logan Stephenson.
0:38 of 1st period - Shot Blocked by Andrej Meszaros.
1:04 of 1st period - Slapshot by Stanislav Chistov.
1:04 of 1st period - Shot Misses the Net.
1:08 of 1st period - Snap shot by Sergei Kostitsyn.
1:08 of 1st period - Shot Misses the Net.
1:14 of 1st period - Slapshot by Stanislav Chistov.
1:14 of 1st period - Stopped by Richard Bachman without a rebound.
1:15 of 1st period - Cody Hodgson wins face-off versus Mikael Backlund in Monarchs zone.
1:31 of 1st period - Mats Zuccarello is hit by Cody Hodgson and loses puck.
2:15 of 1st period - Snap shot by Matt Frattin.
2:15 of 1st period - Stopped by Richard Bachman with a rebound.
2:25 of 1st period - Minor Penalty to Nate Schmidt for Hooking.
2:26 of 1st period - Justin Williams wins face-off versus Cody Hodgson in Monarchs zone.
2:26 of 1st period - Justin Williams is hit by Dylan Hunter.
3:01 of 1st period - Slapshot by Vernon Fiddler.
3:01 of 1st period - Shot Blocked by Jon Merrill.
3:48 of 1st period - Jay Beagle is hit by Milan Jurcina.
4:25 of 1st period - Penalty to Nate Schmidt is over, Nate Schmidt is back on ice.
4:40 of 1st period - Shane Sims is hit by John Zeiler and loses puck.
6:15 of 1st period - Snap shot by Jay Beagle.
6:15 of 1st period - Shot Blocked by Milan Jurcina.
6:23 of 1st period - Zac Rinaldo is hit by Milan Jurcina and loses puck.
6:42 of 1st period - Wrist shot by John Zeiler.
6:42 of 1st period - Stopped by Jonas Gustavsson with a rebound.
6:44 of 1st period - Wrist shot by John Zeiler.
6:44 of 1st period - Shot Blocked by Cody Hodgson.
6:46 of 1st period - Wrist shot by Jon Merrill.
6:46 of 1st period - Shot Misses the Net.
8:11 of 1st period - Slapshot by Sergei Kostitsyn.
8:11 of 1st period - Shot Blocked by Andrej Meszaros.
8:19 of 1st period - Wrist shot by Mason Raymond.
8:19 of 1st period - Stopped by Jonas Gustavsson without a rebound.
8:20 of 1st period - Mark Olver wins face-off versus Randy Robitaille in Senators zone.
8:29 of 1st period - Wrist shot by Mark Olver.
8:29 of 1st period - Deflect By Jack Skille.
8:29 of 1st period - Shot Misses the Net.
8:29 of 1st period - Puck is out of play.
8:30 of 1st period - Cody Hodgson wins face-off versus Randy Robitaille in Monarchs zone.
8:31 of 1st period - Snap shot by Steven Goertzen.
8:31 of 1st period - Shot Misses the Net.
8:33 of 1st period - Slapshot by Erik Karlsson.
8:33 of 1st period - Deflect By Steven Goertzen.
8:33 of 1st period - Stopped by Richard Bachman with a rebound.
8:35 of 1st period - Slapshot by Dylan Hunter.
8:35 of 1st period - Stopped by Richard Bachman without a rebound.
8:36 of 1st period - Randy Robitaille wins face-off versus Cody Hodgson in Monarchs zone.
9:01 of 1st period - Vernon Fiddler is hit by Mikael Backlund.
9:27 of 1st period - Snap shot by Jack Skille.
9:27 of 1st period - Stopped by Richard Bachman with a rebound.
9:38 of 1st period - Icing by Martin Marincin.
9:39 of 1st period - Zac Rinaldo wins face-off versus Nick Bjugstad in Senators zone.
9:48 of 1st period - Wrist shot by Jaden Schwartz.
9:48 of 1st period - Shot Blocked by Alec Martinez.
10:20 of 1st period - Minor Penalty to Chris Dingman for Hooking.
10:21 of 1st period - Justin Williams wins face-off versus Vernon Fiddler in Monarchs zone.
10:46 of 1st period - Theo Peckham is hit by Steven Goertzen and loses puck.
10:47 of 1st period - Theo Peckham from Monarchs is injured at 10:47 of 1st period (Sprained Left Ankle).
10:48 of 1st period - Vernon Fiddler wins face-off versus Justin Williams in Monarchs zone.
10:49 of 1st period - Wrist shot by Sergei Kostitsyn.
10:49 of 1st period - Stopped by Richard Bachman with a rebound.
10:59 of 1st period - Slapshot by Sergei Kostitsyn.
10:59 of 1st period - Shot Misses the Net.
11:06 of 1st period - Icing by Stanislav Chistov.
11:07 of 1st period - Vernon Fiddler wins face-off versus Justin Williams in Senators zone.
11:38 of 1st period - Icing by Milan Jurcina.
11:39 of 1st period - Cody Hodgson wins face-off versus Mats Zuccarello in Senators zone.
12:09 of 1st period - Snap shot by Steven Goertzen.
12:09 of 1st period - Stopped by Richard Bachman with a rebound.
12:11 of 1st period - Wrist shot by Cody Hodgson.
12:11 of 1st period - Shot Blocked by Nate Schmidt.
12:20 of 1st period - Penalty to Chris Dingman is over, Chris Dingman is back on ice.
12:29 of 1st period - Wrist shot by Steven Goertzen.
12:29 of 1st period - Stopped by Richard Bachman with a rebound.
12:31 of 1st period - Snap shot by Dylan Hunter.
12:31 of 1st period - Deflect By Cody Hodgson.
12:31 of 1st period - Stopped by Richard Bachman with a rebound.
12:33 of 1st period - Snap shot by Steven Goertzen.
12:33 of 1st period - Goal by Steven Goertzen - Monarchs : 0 - Senators : 1.
12:34 of 1st period - Vernon Fiddler wins face-off versus Mikael Backlund in neutral zone.
12:49 of 1st period - Off-side.
12:50 of 1st period - Mark Olver wins face-off versus Randy Robitaille in neutral zone.
13:36 of 1st period - Snap shot by Jaden Schwartz.
13:36 of 1st period - Shot Blocked by Jon Merrill.
14:04 of 1st period - Snap shot by Steven Goertzen.
14:04 of 1st period - Stopped by Richard Bachman without a rebound.
14:05 of 1st period - Randy Robitaille wins face-off versus Vernon Fiddler in Monarchs zone.
14:10 of 1st period - Snap shot by Justin Williams.
14:10 of 1st period - Shot Misses the Net.
14:35 of 1st period - Minor Penalty to Mikael Backlund for Hooking.
14:36 of 1st period - Justin Williams wins face-off versus Vernon Fiddler in Monarchs zone.
14:52 of 1st period - Snap shot by Stanislav Chistov.
14:52 of 1st period - Shot Hit the Post.
16:35 of 1st period - Penalty to Mikael Backlund is over, Mikael Backlund is back on ice.
16:46 of 1st period - Andrej Meszaros is hit by Mark Olver and loses puck.
17:09 of 1st period - Slapshot by Logan Stephenson.
17:09 of 1st period - Shot Misses the Net.
17:11 of 1st period - Slapshot by Shane Sims.
17:11 of 1st period - Stopped by Richard Bachman with a rebound.
17:21 of 1st period - Slapshot by Andrej Meszaros.
17:21 of 1st period - Shot Blocked by Mark Olver.
17:23 of 1st period - Slapshot by Andrej Meszaros.
17:23 of 1st period - Stopped by Jonas Gustavsson with a rebound.
17:25 of 1st period - Snap shot by Kyle Clifford.
17:25 of 1st period - Shot Blocked by Mark Olver.
17:27 of 1st period - Slapshot by Andrej Meszaros.
17:27 of 1st period - Shot Blocked by Martin Marincin.
17:29 of 1st period - Wrist shot by Mats Zuccarello.
17:29 of 1st period - Stopped by Jonas Gustavsson without a rebound.
17:30 of 1st period - Randy Robitaille wins face-off versus Vernon Fiddler in Senators zone.
17:39 of 1st period - Jon Merrill is hit by Sergei Kostitsyn and loses puck.
17:54 of 1st period - Milan Jurcina is hit by Kyle Clifford and loses puck.
18:18 of 1st period - Slapshot by Jay Beagle.
18:18 of 1st period - Shot Misses the Net.
18:30 of 1st period - Slapshot by Jay Beagle.
18:30 of 1st period - Shot Misses the Net.
18:42 of 1st period - Snap shot by Mason Raymond.
18:42 of 1st period - Stopped by Jonas Gustavsson with a rebound.
19:10 of 1st period - Backhand shot by Sergei Kostitsyn.
19:10 of 1st period - Shot Blocked by Jon Merrill.
19:12 of 1st period - Snap shot by Vernon Fiddler.
19:12 of 1st period - Shot Blocked by Jon Merrill.
19:24 of 1st period - Slapshot by Justin Williams.
19:24 of 1st period - Goal by Justin Williams - Monarchs : 1 - Senators : 1.
19:25 of 1st period - Vernon Fiddler wins face-off versus Randy Robitaille in neutral zone.
19:30 of 1st period - Wrist shot by Vernon Fiddler.
19:30 of 1st period - Stopped by Richard Bachman without a rebound.
19:31 of 1st period - Vernon Fiddler wins face-off versus Randy Robitaille in Monarchs zone.
19:42 of 1st period - Snap shot by Randy Robitaille.
19:42 of 1st period - Shot Misses the Net.
19:44 of 1st period - Wrist shot by Justin Williams.
19:44 of 1st period - Stopped by Jonas Gustavsson with a rebound.
19:46 of 1st period - Wrist shot by Randy Robitaille.
19:46 of 1st period - Shot Misses the Net.
Goals for this period are 1 for Monarchs vs 1 for Senators.
Shots for this period are 7 for Monarchs vs 13 for Senators.
2nd period
0:01 of 2nd period - Vernon Fiddler wins face-off versus Randy Robitaille in neutral zone.
0:23 of 2nd period - Minor Penalty to Milan Jurcina for Hooking.
0:24 of 2nd period - Vernon Fiddler wins face-off versus Randy Robitaille in Senators zone.
0:24 of 2nd period - Vernon Fiddler is hit by Chris Dingman.
1:04 of 2nd period - Snap shot by Mikael Backlund.
1:04 of 2nd period - Shot Misses the Net.
1:50 of 2nd period - Gabriel Bourque is hit by Justin Williams and loses puck.
2:15 of 2nd period - Wrist shot by Vernon Fiddler.
2:15 of 2nd period - Stopped by Richard Bachman without a rebound.
2:16 of 2nd period - Randy Robitaille wins face-off versus Cody Hodgson in Monarchs zone.
2:23 of 2nd period - Penalty to Milan Jurcina is over, Milan Jurcina is back on ice.
2:35 of 2nd period - Slapshot by Jay Beagle.
2:35 of 2nd period - Stopped by Jonas Gustavsson without a rebound.
2:36 of 2nd period - Mark Olver wins face-off versus Zac Rinaldo in Senators zone.
2:36 of 2nd period - Mark Olver is hit by Zac Rinaldo.
3:08 of 2nd period - Wrist shot by Mikael Backlund.
3:08 of 2nd period - Stopped by Jonas Gustavsson with a rebound.
3:30 of 2nd period - Dylan Hunter is hit by Mason Raymond and loses puck.
3:39 of 2nd period - Dylan Hunter is hit by Andrej Meszaros and loses puck.
3:54 of 2nd period - Wrist shot by Justin Williams.
3:54 of 2nd period - Shot Misses the Net.
3:56 of 2nd period - Snap shot by Chris Dingman.
3:56 of 2nd period - Shot Misses the Net.
4:00 of 2nd period - Snap shot by Justin Williams.
4:00 of 2nd period - Shot Hit the Post.
4:20 of 2nd period - Slapshot by Milan Jurcina.
4:20 of 2nd period - Deflect By Dylan Hunter.
4:20 of 2nd period - Stopped by Richard Bachman with a rebound.
5:31 of 2nd period - Wrist shot by Mats Zuccarello.
5:31 of 2nd period - Stopped by Jonas Gustavsson without a rebound.
5:32 of 2nd period - Vernon Fiddler wins face-off versus Mikael Backlund in Senators zone.
5:43 of 2nd period - Wrist shot by Mats Zuccarello.
5:43 of 2nd period - Stopped by Jonas Gustavsson with a rebound.
5:45 of 2nd period - Slapshot by Kyle Clifford.
5:45 of 2nd period - Shot Blocked by Sergei Kostitsyn.
5:47 of 2nd period - Snap shot by Mats Zuccarello.
5:47 of 2nd period - Shot Blocked by Vernon Fiddler.
5:59 of 2nd period - Randy Robitaille is hit by Matt Frattin and loses puck.
6:21 of 2nd period - Icing by Alec Martinez.
6:22 of 2nd period - Mark Olver wins face-off versus John Mitchell in Monarchs zone.
7:48 of 2nd period - Snap shot by Mason Raymond.
7:48 of 2nd period - Stopped by Jonas Gustavsson without a rebound.
7:49 of 2nd period - Randy Robitaille wins face-off versus Vernon Fiddler in Senators zone.
8:02 of 2nd period - Slapshot by Justin Williams.
8:02 of 2nd period - Shot Misses the Net.
8:04 of 2nd period - Slapshot by Jon Merrill.
8:04 of 2nd period - Deflect By Justin Williams.
8:04 of 2nd period - Stopped by Jonas Gustavsson with a rebound.
8:14 of 2nd period - Erik Karlsson is hit by Mikael Backlund and loses puck.
8:26 of 2nd period - Minor Penalty to Steven Goertzen for Tripping.
8:27 of 2nd period - Randy Robitaille wins face-off versus Vernon Fiddler in Senators zone.
8:40 of 2nd period - Wrist shot by Justin Williams.
8:40 of 2nd period - Stopped by Jonas Gustavsson with a rebound.
8:42 of 2nd period - Wrist shot by Alec Martinez.
8:42 of 2nd period - Deflect By Milan Jurcina.
8:42 of 2nd period - Monarchs goal is going for a video replay.
8:42 of 2nd period - The goal is good.
8:42 of 2nd period - Goal by Alec Martinez - Monarchs : 2 - Senators : 1.
8:43 of 2nd period - Randy Robitaille wins face-off versus Vernon Fiddler in neutral zone.
9:09 of 2nd period - Jon Merrill is hit by Cody Hodgson and loses puck.
10:00 of 2nd period - Logan Stephenson is hit by Chris Dingman and loses puck.
10:32 of 2nd period - Off-side.
10:33 of 2nd period - Zac Rinaldo wins face-off versus Cody Hodgson in neutral zone.
10:41 of 2nd period - Minor Penalty to Craig Cunningham for Holding.
10:42 of 2nd period - Vernon Fiddler wins face-off versus Justin Williams in Monarchs zone.
12:02 of 2nd period - Mats Zuccarello is hit by Dylan Hunter.
12:24 of 2nd period - Kyle Clifford is hit by Sergei Kostitsyn and loses puck.
12:41 of 2nd period - Penalty to Craig Cunningham is over, Craig Cunningham is back on ice.
13:25 of 2nd period - Backhand shot by Mats Zuccarello.
13:25 of 2nd period - Stopped by Jonas Gustavsson without a rebound.
13:26 of 2nd period - John Mitchell wins face-off versus Cody Hodgson in Senators zone.
13:32 of 2nd period - Off-side.
13:33 of 2nd period - Cody Hodgson wins face-off versus John Mitchell in neutral zone.
13:36 of 2nd period - Slapshot by Shane Sims.
13:36 of 2nd period - Shot Misses the Net.
13:58 of 2nd period - Snap shot by Mats Zuccarello.
13:58 of 2nd period - Deflect By Mikael Backlund.
13:58 of 2nd period - Shot Blocked by Shane Sims.
13:58 of 2nd period - Puck is out of play.
13:59 of 2nd period - Vernon Fiddler wins face-off versus Mikael Backlund in Senators zone.
14:07 of 2nd period - Wrist shot by Vernon Fiddler.
14:07 of 2nd period - Shot Misses the Net.
14:09 of 2nd period - Snap shot by Stanislav Chistov.
14:09 of 2nd period - Stopped by Richard Bachman with a rebound.
14:25 of 2nd period - Chris Dingman is hit by Cody Hodgson and loses puck.
14:36 of 2nd period - Erik Karlsson is hit by Justin Williams and loses puck.
14:57 of 2nd period - Wrist shot by Gabriel Bourque.
14:57 of 2nd period - Stopped by Richard Bachman without a rebound.
14:58 of 2nd period - Mikael Backlund wins face-off versus Vernon Fiddler in Monarchs zone.
15:38 of 2nd period - Icing by Vernon Fiddler.
15:39 of 2nd period - Vernon Fiddler wins face-off versus Randy Robitaille in Senators zone.
16:10 of 2nd period - Wrist shot by Cody Hodgson.
16:10 of 2nd period - Goal by Cody Hodgson - Monarchs : 2 - Senators : 2.
16:11 of 2nd period - Cody Hodgson wins face-off versus Randy Robitaille in neutral zone.
16:27 of 2nd period - Snap shot by Chris Dingman.
16:27 of 2nd period - Shot Misses the Net.
16:37 of 2nd period - Milan Jurcina is hit by Jon Merrill and loses puck.
16:46 of 2nd period - Slapshot by John Mitchell.
16:46 of 2nd period - Shot Misses the Net.
16:48 of 2nd period - Slapshot by John Mitchell.
16:48 of 2nd period - Shot Blocked by Erik Karlsson.
16:50 of 2nd period - Wrist shot by John Mitchell.
16:50 of 2nd period - Shot Misses the Net.
17:00 of 2nd period - Cam Fowler is hit by Erik Karlsson and loses puck.
17:06 of 2nd period - Minor Penalty to Mikael Backlund for Tripping.
17:07 of 2nd period - Justin Williams wins face-off versus Vernon Fiddler in Monarchs zone.
18:24 of 2nd period - Jay Beagle is hit by Erik Karlsson.
19:04 of 2nd period - Snap shot by Jack Skille.
19:04 of 2nd period - Shot Blocked by Alec Martinez.
19:06 of 2nd period - Penalty to Mikael Backlund is over, Mikael Backlund is back on ice.
19:28 of 2nd period - Wrist shot by Mikael Backlund.
19:28 of 2nd period - Stopped by Jonas Gustavsson without a rebound.
19:29 of 2nd period - Mark Olver wins face-off versus Mason Raymond in Senators zone.
19:50 of 2nd period - Snap shot by Steven Goertzen.
19:50 of 2nd period - Stopped by Richard Bachman without a rebound.
19:51 of 2nd period - Cody Hodgson wins face-off versus Randy Robitaille in Monarchs zone.
Goals for this period are 1 for Monarchs vs 1 for Senators.
Shots for this period are 10 for Monarchs vs 6 for Senators.
3rd period
0:01 of 3rd period - Vernon Fiddler wins face-off versus Justin Williams in neutral zone.
0:06 of 3rd period - Milan Jurcina is hit by Justin Williams and loses puck.
0:13 of 3rd period - Milan Jurcina is hit by Andrej Meszaros and loses puck.
0:40 of 3rd period - Off-side.
0:41 of 3rd period - Vernon Fiddler wins face-off versus Randy Robitaille in neutral zone.
0:43 of 3rd period - Minor Penalty to Stanislav Chistov for Hooking.
0:44 of 3rd period - Randy Robitaille wins face-off versus Vernon Fiddler in Senators zone.
0:51 of 3rd period - Snap shot by Sergei Kostitsyn.
0:51 of 3rd period - Deflect By Vernon Fiddler.
0:51 of 3rd period - Shot Misses the Net.
0:51 of 3rd period - Puck is out of play.
0:52 of 3rd period - Vernon Fiddler wins face-off versus Randy Robitaille in Monarchs zone.
1:02 of 3rd period - Minor Penalty to Vernon Fiddler for Holding.
1:03 of 3rd period - Randy Robitaille wins face-off versus Matt Frattin in Senators zone.
1:42 of 3rd period - Minor Penalty to Mikael Backlund for Hooking.
1:43 of 3rd period - Justin Williams wins face-off versus Matt Frattin in Monarchs zone.
2:37 of 3rd period - Snap shot by Randy Robitaille.
2:37 of 3rd period - Stopped by Jonas Gustavsson without a rebound.
2:38 of 3rd period - Matt Frattin wins face-off versus Justin Williams in Senators zone.
2:43 of 3rd period - Penalty to Stanislav Chistov is over, Stanislav Chistov is back on ice.
3:02 of 3rd period - Penalty to Vernon Fiddler is over, Vernon Fiddler is back on ice.
3:17 of 3rd period - Snap shot by Randy Robitaille.
3:17 of 3rd period - Goal by Randy Robitaille - Monarchs : 3 - Senators : 2.
3:18 of 3rd period - Justin Williams wins face-off versus Vernon Fiddler in neutral zone.
3:42 of 3rd period - Penalty to Mikael Backlund is over, Mikael Backlund is back on ice.
3:47 of 3rd period - Snap shot by Mikael Backlund.
3:47 of 3rd period - Stopped by Jonas Gustavsson without a rebound.
3:48 of 3rd period - Mikael Backlund wins face-off versus Cody Hodgson in Senators zone.
3:53 of 3rd period - Wrist shot by Mikael Backlund.
3:53 of 3rd period - Stopped by Jonas Gustavsson with a rebound.
4:15 of 3rd period - Slapshot by Milan Jurcina.
4:15 of 3rd period - Shot Misses the Net.
4:34 of 3rd period - Icing by Jon Merrill.
4:35 of 3rd period - John Mitchell wins face-off versus Mark Olver in Monarchs zone.
4:35 of 3rd period - John Mitchell is hit by Logan Stephenson.
4:48 of 3rd period - Minor Penalty to Gabriel Bourque for High sticking.
4:49 of 3rd period - Vernon Fiddler wins face-off versus Randy Robitaille in Senators zone.
5:37 of 3rd period - Slapshot by Stanislav Chistov.
5:37 of 3rd period - Shot Misses the Net.
6:48 of 3rd period - Penalty to Gabriel Bourque is over, Gabriel Bourque is back on ice.
7:29 of 3rd period - Dylan Hunter is hit by John Zeiler and loses puck.
7:52 of 3rd period - Wrist shot by Nick Bjugstad.
7:52 of 3rd period - Goal by Nick Bjugstad - Monarchs : 3 - Senators : 3.
7:53 of 3rd period - Randy Robitaille wins face-off versus Vernon Fiddler in neutral zone.
8:01 of 3rd period - Stanislav Chistov is hit by Chris Dingman.
8:08 of 3rd period - Erik Karlsson is hit by Chris Dingman and loses puck.
8:38 of 3rd period - Minor Penalty to Chris Dingman for Hooking.
8:39 of 3rd period - Justin Williams wins face-off versus Vernon Fiddler in Monarchs zone.
9:08 of 3rd period - John Mitchell is hit by Steven Goertzen and loses puck.
10:35 of 3rd period - Icing by Logan Stephenson.
10:36 of 3rd period - Mats Zuccarello wins face-off versus Sergei Kostitsyn in Senators zone.
10:38 of 3rd period - Penalty to Chris Dingman is over, Chris Dingman is back on ice.
10:57 of 3rd period - Jay Beagle is hit by Gabriel Bourque.
11:03 of 3rd period - Slapshot by Jack Skille.
11:03 of 3rd period - Stopped by Richard Bachman with a rebound.
11:05 of 3rd period - Wrist shot by Patrick Wey.
11:05 of 3rd period - Deflect By Jack Skille.
11:05 of 3rd period - Goal by Jack Skille - Monarchs : 3 - Senators : 4.
11:06 of 3rd period - Cody Hodgson wins face-off versus Justin Williams in neutral zone.
11:14 of 3rd period - Off-side.
11:15 of 3rd period - Randy Robitaille wins face-off versus Cody Hodgson in neutral zone.
11:18 of 3rd period - Erik Karlsson is hit by Jon Merrill and loses puck.
11:23 of 3rd period - Slapshot by Chris Dingman.
11:23 of 3rd period - Stopped by Jonas Gustavsson without a rebound.
11:24 of 3rd period - Vernon Fiddler wins face-off versus Randy Robitaille in Senators zone.
11:37 of 3rd period - Wrist shot by Vernon Fiddler.
11:37 of 3rd period - Shot Blocked by Chris Dingman.
11:39 of 3rd period - Snap shot by Sergei Kostitsyn.
11:39 of 3rd period - Stopped by Richard Bachman without a rebound.
11:40 of 3rd period - Mikael Backlund wins face-off versus Cody Hodgson in Monarchs zone.
11:45 of 3rd period - Dylan Hunter is hit by Kyle Clifford and loses puck.
12:06 of 3rd period - Jon Merrill is hit by Vernon Fiddler and loses puck.
12:18 of 3rd period - Minor Penalty to Alec Martinez for Roughing.
12:19 of 3rd period - Vernon Fiddler wins face-off versus Justin Williams in Monarchs zone.
12:21 of 3rd period - Snap shot by Vernon Fiddler.
12:21 of 3rd period - Shot Misses the Net.
12:23 of 3rd period - Backhand shot by Milan Jurcina.
12:23 of 3rd period - Stopped by Richard Bachman without a rebound.
12:24 of 3rd period - Justin Williams wins face-off versus Vernon Fiddler in Monarchs zone.
12:33 of 3rd period - Slapshot by Erik Karlsson.
12:33 of 3rd period - Shot Misses the Net.
12:55 of 3rd period - Snap shot by Cody Hodgson.
12:55 of 3rd period - Deflect By Steven Goertzen.
12:55 of 3rd period - Shot Misses the Net.
12:55 of 3rd period - Puck is out of play.
12:56 of 3rd period - Mats Zuccarello wins face-off versus Cody Hodgson in Monarchs zone.
13:22 of 3rd period - Mats Zuccarello is hit by Dylan Hunter.
14:18 of 3rd period - Penalty to Alec Martinez is over, Alec Martinez is back on ice.
14:26 of 3rd period - Off-side.
14:27 of 3rd period - John Mitchell wins face-off versus Mark Olver in neutral zone.
14:32 of 3rd period - Wrist shot by Mason Raymond.
14:32 of 3rd period - Shot Misses the Net.
14:34 of 3rd period - Snap shot by Mason Raymond.
14:34 of 3rd period - Shot Misses the Net.
14:38 of 3rd period - Snap shot by Mason Raymond.
14:38 of 3rd period - Shot Misses the Net.
14:40 of 3rd period - Backhand shot by John Mitchell.
14:40 of 3rd period - Shot Misses the Net.
14:42 of 3rd period - Slapshot by Mason Raymond.
14:42 of 3rd period - Goal by Mason Raymond - Monarchs : 4 - Senators : 4.
14:43 of 3rd period - Randy Robitaille wins face-off versus Stanislav Chistov in neutral zone.
14:53 of 3rd period - Minor Penalty to Milan Jurcina for Tripping.
14:54 of 3rd period - Randy Robitaille wins face-off versus Vernon Fiddler in Senators zone.
15:08 of 3rd period - Snap shot by Randy Robitaille.
15:08 of 3rd period - Shot Misses the Net.
15:10 of 3rd period - Wrist shot by Randy Robitaille.
15:10 of 3rd period - Stopped by Jonas Gustavsson without a rebound.
15:11 of 3rd period - Vernon Fiddler wins face-off versus Mikael Backlund in Senators zone.
15:20 of 3rd period - Snap shot by Mikael Backlund.
15:20 of 3rd period - Stopped by Jonas Gustavsson without a rebound.
15:21 of 3rd period - Vernon Fiddler wins face-off versus Mikael Backlund in Senators zone.
15:28 of 3rd period - Snap shot by Sergei Kostitsyn.
15:28 of 3rd period - Goal by Sergei Kostitsyn - Monarchs : 4 - Senators : 5.
15:29 of 3rd period - Randy Robitaille wins face-off versus Vernon Fiddler in neutral zone.
15:32 of 3rd period - Slapshot by Andrej Meszaros.
15:32 of 3rd period - Shot Misses the Net.
16:04 of 3rd period - Snap shot by Mikael Backlund.
16:04 of 3rd period - Shot Misses the Net.
16:06 of 3rd period - Slapshot by Mats Zuccarello.
16:06 of 3rd period - Shot Misses the Net.
16:08 of 3rd period - Slapshot by Kyle Clifford.
16:08 of 3rd period - Shot Blocked by Cody Hodgson.
16:50 of 3rd period - Mikael Backlund is hit by Matt Frattin and loses puck.
16:53 of 3rd period - Penalty to Milan Jurcina is over, Milan Jurcina is back on ice.
17:03 of 3rd period - John Zeiler is hit by Cody Hodgson.
17:11 of 3rd period - Slapshot by John Zeiler.
17:11 of 3rd period - Shot Misses the Net.
17:29 of 3rd period - Andrej Meszaros is hit by Erik Karlsson and loses puck.
17:54 of 3rd period - Snap shot by Jay Beagle.
17:54 of 3rd period - Stopped by Jonas Gustavsson with a rebound.
18:12 of 3rd period - Snap shot by Mark Olver.
18:12 of 3rd period - Shot Misses the Net.
18:37 of 3rd period - Snap shot by Cody Hodgson.
18:37 of 3rd period - Deflect By Mason Raymond.
18:37 of 3rd period - Shot Blocked by Mason Raymond.
18:37 of 3rd period - Puck is out of play.
18:38 of 3rd period - Cody Hodgson wins face-off versus John Mitchell in Monarchs zone.
18:39 of 3rd period - Snap shot by Steven Goertzen.
18:39 of 3rd period - Stopped by Richard Bachman with a rebound.
18:45 of 3rd period - Monarchs , Richard Bachman is pulled from the net.
18:51 of 3rd period - Snap shot by Mason Raymond.
18:51 of 3rd period - Stopped by Jonas Gustavsson without a rebound.
18:51 of 3rd period - Minor Penalty to Jonas Gustavsson for Slashing.
18:52 of 3rd period - Randy Robitaille wins face-off versus Vernon Fiddler in Senators zone.
18:57 of 3rd period - Wrist shot by Chris Dingman.
18:57 of 3rd period - Stopped by Jonas Gustavsson with a rebound.
18:59 of 3rd period - Wrist shot by Randy Robitaille.
18:59 of 3rd period - Shot Blocked by Erik Karlsson.
19:01 of 3rd period - Slapshot by Andrej Meszaros.
19:01 of 3rd period - Shot Misses the Net.
19:03 of 3rd period - Backhand shot by Justin Williams.
19:03 of 3rd period - Stopped by Jonas Gustavsson without a rebound.
19:04 of 3rd period - Bruce Boudreau call a timeout for Monarchs .
19:04 of 3rd period - Vernon Fiddler wins face-off versus Randy Robitaille in Senators zone.
Goals for this period are 2 for Monarchs vs 3 for Senators.
Shots for this period are 12 for Monarchs vs 7 for Senators.
Output by the SimonT Hockey Simulator (STHS) for François Prévost -- Original Page W3C XHTML 1.0 Valid